 Dungeon Sprint DCSS version 0.22-a0-181-gb22368a (console) character file.

857 removed the Covert (level 10, -1/82 HPs)
             Began as a Gnoll Enchanter on Feb 14, 2018.
             Was a Follower of Uskayaw.
             Slain by a spriggan rider
             ... wielding a +0 spear
              (14 damage)
             ... in the Dungeon (Sprint VI: "Thunderdome").
             The game lasted 00:09:05 (1076 turns).

removed the Covert (Gnoll Enchanter)                Turns: 1076, Time: 00:09:06

Health: -1/82      AC:  9    Str: 11    XL:     10   Next: 55%
Magic:  13/24      EV: 16    Int: 20    God:    Uskayaw [*.....]
Gold:   300        SH:  0    Dex: 16    Spells: 17/29 levels left

rFire    . . .     SeeInvis .   a - +0 quick blade (venom)
rCold    . . .     Gourm    .   (no shield)
rNeg     . . .     Faith    .   r - +0 swamp dragon scales
rPois    +         Spirit   .   (no helmet)
rElec    .         Reflect  .   (no cloak)
rCorr    .         Harm     .   (no gloves)
MR       .....     NoTele   +   (no boots)
Stlth    ++++......             (no amulet)
HPRegen  0.23/turn              (no ring)
MPRegen  0.19/turn              (no ring)

@: hasted, very quick
A: distributed training, fangs 1, strong nose
}: 1/15 runes: serpentine
a: Stomp, Renounce Religion


You were in the Dungeon.
You worshipped Uskayaw.
Uskayaw was aware of your devotion.
You were not hungry.

You visited 1 branch You collected 1150 gold pieces.
You spent 850 gold pieces at shops.

Inventory:

Hand Weapons
 a - a +0 quick blade of venom (weapon)
 o - a +1 dagger
Armour
 b - a +0 robe
 r - +0 swamp dragon scales (worn)
Wands
 l - a wand of acid (5)
 m - a wand of iceblast (4)
 q - a wand of polymorph (15)
Scrolls
 j - 3 scrolls of blinking
 n - 3 scrolls of fog
Potions
 e - a potion of curing
 g - 2 potions of haste
 h - a potion of magic
 i - a potion of berserk rage
 k - a potion of resistance
Books
 c - a book of Maledictions

   Spells                             Type                      Level
   a - Corona                         Hexes                        1
   b - Ensorcelled Hibernation        Hexes/Ice                    2
   c - Confuse                        Hexes                        3
   d - Tukima's Dance                 Hexes                        3
   e - Dazzling Spray                 Conjuration/Hexes            3
Comestibles
 d - a ration
 s - 9 chunks of flesh


   Skills:
 + Level 8.6 Fighting
 + Level 9.1 Short Blades
 + Level 8.6 Long Blades
 + Level 8.6 Axes
 + Level 8.6 Maces & Flails
 + Level 8.6 Polearms
 + Level 8.6 Staves
 + Level 8.6 Slings
 + Level 8.6 Bows
 + Level 8.6 Crossbows
 + Level 8.6 Throwing
 + Level 8.6 Armour
 + Level 9.8 Dodging
 + Level 10.4 Stealth
 + Level 8.6 Shields
 + Level 8.6 Unarmed Combat
 + Level 10.0 Spellcasting
 + Level 7.2 Conjurations
 + Level 9.1 Hexes
 + Level 7.2 Charms
 + Level 7.2 Summonings
 + Level 7.2 Necromancy
 + Level 7.2 Translocations
 + Level 7.2 Transmutations
 + Level 7.2 Fire Magic
 + Level 7.2 Ice Magic
 + Level 7.2 Air Magic
 + Level 7.2 Earth Magic
 + Level 7.2 Poison Magic
 + Level 9.4 Invocations
 + Level 8.6 Evocations


You had 17 spell levels left.
You knew the following spells:

 Your Spells              Type           Power        Failure   Level  Hunger
a - Corona                Hex            #####..      1%          1    None
b - Ensorcelled Hibernat  Hex/Ice        #####.       1%          2    None
c - Confuse               Hex            #####...     1%          3    None
d - Tukima's Dance        Hex            #####...     1%          3    None
e - Dazzling Spray        Conj/Hex       #####.       1%          3    None


Dungeon Overview and Level Annotations

Branches:
Dungeon (1/1)

Altars:
Cheibriados
Dithmenos
Fedhas
Gozag
Kikubaaqudgha
Makhleb
Okawaru
Qazlal
Ru
Sif Muna
Trog
Uskayaw
Vehumet
Wu Jian
Xom
Yredelemnul
Zin
The Shining One
Beogh
Jiyva
Lugonu

Shops:
D *[%??*?*:[((!!!!


Innate Abilities, Weirdness & Mutations

Your experience applies equally to all skills.
You have very sharp teeth.
Your uncanny sense of smell can sniff out nearby items.


Message History

The thorn hunter gestures. x2
Aiming: Line Pass
Press: ? - help, Dir - move target cursor, p - thorn hunter The thorn hunter appears confused.
You feel somewhat more hungry.
You can no longer pass through a line of other dancers.
The spriggan rider hits you from afar with a spear!
Unknown command.
Okay, then.
The spriggan rider hits you with a spear!
* * * LOW HITPOINT WARNING * * *
The vampire mosquito barely misses you. The spriggan rider closely misses you.
Casting: Ensorcelled Hibernation (safe; 1% risk of failure)
Confirm with . or Enter, or press ? or * to list all spells.
Aiming: Confuse (safe; 1% risk of failure)
Press: ? - help, Shift-Dir - straight line, f - vampire mosquito
Aim: a vampire mosquito (chance to defeat MR: 71%)
The vampire mosquito appears confused.
The vampire mosquito closely misses the spriggan rider.
The spriggan rider hits you from afar with a spear!
You die...

#_......._# #_......._#
###.....f...### #†.....†.....⌠#
######.8...t.†...8.######
##∩__.......###w.....___∩##
###∩........8.# #i8........∩###
#..........÷.)###y....).......#
⌠.......)..###..@###..........⌠
⌠..........# #.<.# #..........⌠
⌠..........###...###..........⌠
#.............###.............#
###∩........8.# #.8........∩###
##∩___......###......___∩##
######.8.........8.######
#⌠...........⌠# ###.........###


You could see a tyrant leech, a spriggan rider and a vampire mosquito
(confused).

Vanquished Creatures
  An anaconda (D)
  A swamp dragon (D)
  5 rime drakes (D)
  2 hornets (D)
  A steam dragon (D)
  An acid dragon (D)
  A sky beast (D)
  An ogre (D)
  4 vampire bats (D)
  A hound (D)
  Jessica (D)
  5 gnolls (D)
  An ooze (D)
  An orc (D)
  A bat skeleton (D)
  A goblin (D)
28 creatures vanquished.

Notes
Turn   | Place    | Note
-------+----------+-------------------------------------------
     0 | D        | removed the Gnoll Enchanter began the quest for the Orb.
     0 | D        | Reached XP level 1. HP: 13/13 MP: 6/6
     0 | D        | Found a bloodstained altar of Trog.
     0 | D        | Found an opulent altar of Gozag.
     4 | D        | Found an ancient bone altar of Kikubaaqudgha.
     4 | D        | Found a deep blue altar of Sif Muna.
     5 | D        | Round 1.
     7 | D        | Found an iron altar of Okawaru.
     8 | D        | Found a corrupted altar of Lugonu.
     8 | D        | Found a blossoming altar of Fedhas.
     9 | D        | Found a shimmering altar of Xom.
     9 | D        | Found an ornate altar of the Wu Jian Council.
    10 | D        | Found Lifukh's Delicious Food.
    10 | D        | Found a radiant altar of Vehumet.
    10 | D        | Found a glowing golden altar of the Shining One.
    10 | D        | Found Gaow's Identification Station.
    11 | D        | Found Laqouxokh's Jewellery.
    11 | D        | Found Jarul's Advanced Armour.
    13 | D        | Found a hide-covered altar of Uskayaw.
    14 | D        | Found a roughly hewn altar of Beogh.
    16 | D        | Found Coynyiko's Premium Goods.
    17 | D        | Found Fenuere's Miscellaneous Merchandise.
    17 | D        | Found Muki's Basic Armour.
    21 | D        | Became a worshipper of Uskayaw the Reveler
    35 | D        | Found a viscous altar of Jiyva.
    35 | D        | Found a burning altar of Makhleb.
    35 | D        | Found Liunam's Weapon Rack.
    42 | D        | Found a snail-covered altar of Cheibriados.
    43 | D        | Found a glowing silver altar of Zin.
    44 | D        | Found a sacrificial altar of Ru.
    45 | D        | Found Vyityrgh's Do-It-Yourself Clinic.
    46 | D        | Found Veejom's Bottled Wisdom.
    46 | D        | Found Irhy's Distillery.
    46 | D        | Found a stormy altar of Qazlal.
    46 | D        | Found Huutruji's Distillery.
    52 | D        | Found a basalt altar of Yredelemnul.
    53 | D        | Found Dufi's Staff Store.
    53 | D        | Noticed Jessica
    54 | D        | Found a shadowy altar of Dithmenos.
    54 | D        | Found Weoni's Magic Scroll Shop.
    54 | D        | Found Wuoxzidgh's Must-Have Magic.
    54 | D        | Found Yllei's Magic Scroll Shop.
    55 | D        | Killed Jessica
    55 | D        | Reached skill level 1 in Fighting
    55 | D        | Reached skill level 1 in Long Blades
    55 | D        | Reached skill level 1 in Axes
    55 | D        | Reached skill level 1 in Maces & Flails
    55 | D        | Reached skill level 1 in Polearms
    55 | D        | Reached skill level 1 in Staves
    55 | D        | Reached skill level 1 in Slings
    55 | D        | Reached skill level 1 in Bows
    55 | D        | Reached skill level 1 in Crossbows
    55 | D        | Reached skill level 1 in Throwing
    55 | D        | Reached skill level 1 in Armour
    55 | D        | Reached skill level 1 in Shields
    55 | D        | Reached skill level 1 in Unarmed Combat
    55 | D        | Reached skill level 5 in Spellcasting
    55 | D        | Reached skill level 1 in Conjurations
    55 | D        | Reached skill level 1 in Charms
    55 | D        | Reached skill level 1 in Summonings
    55 | D        | Reached skill level 1 in Necromancy
    55 | D        | Reached skill level 1 in Translocations
    55 | D        | Reached skill level 1 in Transmutations
    55 | D        | Reached skill level 1 in Fire Magic
    55 | D        | Reached skill level 1 in Ice Magic
    55 | D        | Reached skill level 1 in Air Magic
    55 | D        | Reached skill level 1 in Earth Magic
    55 | D        | Reached skill level 1 in Poison Magic
    55 | D        | Reached skill level 1 in Evocations
    55 | D        | Reached XP level 2. HP: 22/22 MP: 8/8
    55 | D        | Reached XP level 3. HP: 27/27 MP: 9/9
    55 | D        | Reached * piety under Uskayaw
    55 | D        | Reached ** piety under Uskayaw
    59 | D        | Learned a level 2 spell: Ensorcelled Hibernation
    63 | D        | Learned a level 3 spell: Confuse
    67 | D        | Learned a level 3 spell: Tukima's Dance
    71 | D        | Learned a level 3 spell: Dazzling Spray
   128 | D        | Noticed an ogre
   146 | D        | Reached skill level 5 in Dodging
   154 | D        | Killed an ogre
   154 | D        | Arena points: 14 (+14) [x2]
   154 | D        | Reached XP level 4. HP: 31/34 MP: 1/11
   193 | D        | Round 2.
   215 | D        | Reached XP level 5. HP: 32/41 MP: 0/13
   339 | D        | Arena points: 56 (+42) [x3]
   395 | D        | Round 3.
   396 | D        | Noticed an insubstantial wisp
   397 | D        | Noticed a sky beast
   397 | D        | Noticed a sky beast
   412 | D        | Noticed an insubstantial wisp
   412 | D        | Noticed a sky beast
   415 | D        | Noticed a sky beast
   442 | D        | Killed a sky beast
   442 | D        | Reached XP level 6. HP: 17/48 MP: 9/15
   455 | D        | Arena points: 80 (+24) [x4]
   470 | D        | Round 4.
   492 | D        | Reached skill level 5 in Short Blades
   505 | D        | Reached *** piety under Uskayaw
   506 | D        | Reached skill level 5 in Invocations
   521 | D        | Reached **** piety under Uskayaw
   531 | D        | Reached ***** piety under Uskayaw
   547 | D        | Arena points: 180 (+100) [x5]
   558 | D        | Bought a +0 quick blade for 450 gold pieces
   563 | D        | Round 5.
   569 | D        | Noticed a giant anaconda
   593 | D        | Noticed a naga
   621 | D        | Killed a giant anaconda
   621 | D        | Arena points: 425 (+245) [x7]
   621 | D        | Reached skill level 5 in Conjurations
   621 | D        | Reached skill level 5 in Charms
   621 | D        | Reached skill level 5 in Summonings
   621 | D        | Reached skill level 5 in Necromancy
   621 | D        | Reached skill level 5 in Translocations
   621 | D        | Reached skill level 5 in Transmutations
   621 | D        | Reached skill level 5 in Fire Magic
   621 | D        | Reached skill level 5 in Ice Magic
   621 | D        | Reached skill level 5 in Air Magic
   621 | D        | Reached skill level 5 in Earth Magic
   621 | D        | Reached skill level 5 in Poison Magic
   621 | D        | Reached XP level 7. HP: 25/59 MP: 9/18
   621 | D        | Reached XP level 8. HP: 27/65 MP: 10/20
   625 | D        | Reached XP level 9. HP: 31/72 MP: 10/21
   630 | D        | Got a serpentine rune of Zot
   634 | D        | Bought a scroll of brand weapon for 200 gold pieces
   638 | D        | Bought a scroll of brand weapon for 200 gold pieces
   822 | D        | Round 6.
   823 | D        | Noticed a swamp dragon
   839 | D        | Killed a swamp dragon
   885 | D        | Noticed a rime drake
   893 | D        | Killed a rime drake
   893 | D        | Reached XP level 10. HP: 80/80 MP: 20/23
   908 | D        | Reached skill level 10 in Stealth
   973 | D        | Arena points: 857 (+432) [x8]
  1028 | D        | Round 7.
  1030 | D        | Noticed an alligator
  1041 | D        | Noticed a spriggan rider
  1042 | D        | Noticed a thorn hunter
  1068 | D        | Reached skill level 10 in Spellcasting
  1076 | D        | Slain by a spriggan rider

Vault maps used:
D:        arena_sprint

Skill      XL: |  1  2  3  4  5  6  7  8  9 10 |
---------------+-------------------------------+-----
Fighting       | 1 2 3 4 6 7 8 |  8.6
Short Blades   | 3 4 7 8 9 |  9.1
Long Blades    | 1 2 3 4 6 7 8 |  8.6
Axes           | 1 2 3 4 6 7 8 |  8.6
Maces & Flails | 1 2 3 4 6 7 8 |  8.6
Polearms       | 1 2 3 4 6 7 8 |  8.6
Staves         | 1 2 3 4 6 7 8 |  8.6
Slings         | 1 2 3 4 6 7 8 |  8.6
Bows           | 1 2 3 4 6 7 8 |  8.6
Crossbows      | 1 2 3 4 6 7 8 |  8.6
Throwing       | 1 2 3 4 6 7 8 |  8.6
Armour         | 1 2 3 4 6 7 8 |  8.6
Stealth        | 6 7 9 10 | 10.4
Shields        | 1 2 3 4 6 7 8 |  8.6
Unarmed Combat | 1 2 3 4 6 7 8 |  8.6
Spellcasting   | 5 6 8 9 10 | 10.0
Conjurations   | 1 2 3 5 6 7 |  7.2
Charms         | 1 2 3 5 6 7 |  7.2
Summonings     | 1 2 3 5 6 7 |  7.2
Necromancy     | 1 2 3 5 6 7 |  7.2
Translocations | 1 2 3 5 6 7 |  7.2
Transmutations | 1 2 3 5 6 7 |  7.2
Fire Magic     | 1 2 3 5 6 7 |  7.2
Ice Magic      | 1 2 3 5 6 7 |  7.2
Air Magic      | 1 2 3 5 6 7 |  7.2
Earth Magic    | 1 2 3 5 6 7 |  7.2
Poison Magic   | 1 2 3 5 6 7 |  7.2
Invocations    | 2 3 4 7 8 9 |  9.4
Evocations     | 1 2 3 4 6 7 8 |  8.6
Dodging        | 5 6 8 9 |  9.8
Hexes          | 6 7 8 9 |  9.1

Action                   |  1- 3 |  4- 6 |  7- 9 | 10-12 || total
-------------------------+-------+-------+-------+-------++-------
Melee: Dagger            |    16 |    41 |       |       ||    57
       Quick blade       |       |    23 |    12 |    24 ||    59
       Bite              |       |     5 |       |     5 ||    10
       Punch             |       |       |     1 |     1 ||     2
 Cast: Ensorcelled Hiber |     1 |    14 |       |     4 ||    19
       Confuse           |     1 |     9 |     2 |     8 ||    20
       Tukima's Dance    |     1 |       |       |       ||     1
Invok: Line Pass         |       |       |       |     1 ||     1
Evoke: Wand              |     1 |       |       |       ||     1
  Use: Scroll            |       |     1 |     2 |       ||     3
       Potion            |       |     6 |     1 |     1 ||     8
 Stab: Sleeping          |     1 |     8 |       |     3 ||    12
       Confused          |     1 |     6 |     5 |     6 ||    18
       Paralysed         |       |     3 |       |     2 ||     5
  Eat: Chunk             |       |       |       |     1 ||     1
Armor: Robe              |     2 |     5 |       |       ||     7
       Swamp dragon scal |       |       |       |     2 ||     2
Dodge: Dodged            |    14 |    55 |     2 |     8 ||    79

Table legend:
 A = Spawn XP
 B = Non-spawn XP
 C = Spawn XP percentage of total XP
 D = Spawn monster count
 E = Non-spawn monster count
 F = Spawn count percentage of total count
 G = Total turns spent on level
                    A         B        C        D         E        F      G
               +---------+---------+-------+---------+---------+-------+---------
         Total |       0 |    5348 |   0.0 |       0 |      28 |   0.0 |  1076
               +---------+---------+-------+---------+---------+-------+---------
             D |       0 |    5348 |   0.0 |       0 |      28 |   0.0 |  1076
               +---------+---------+-------+---------+---------+-------+---------
